Map: Acropolis LE

Players

pHARM

  • Race: Zerg Zerg
  • League: Platinum
  • Spawn Location: 11:00

Earlyreraise - Winner!

  • Race: Protoss Protoss
  • League: Platinum
  • Spawn Location: 5:00

VOD

Have the link to the VOD?

Description

Time

  • Played on: Sept. 1, 2019, 8:27 a.m.
  • Length: 4:58
Show
View Real Time Build Order
Export as new Build Order

pHARM Zerg 

Build Orders: Hatch First 

Get SALT Encoding   

  12  0:01  Drone  
  13  0:18  Overlord, Drone  
  14  0:36  Drone x2  
  16  0:51  Hatchery  
  16  0:56  Drone  
  16  1:03  Drone x2  
  18  1:15  Drone  
  19  1:20  Spawning Pool  
  18  1:46  Drone x3  
  18  2:02  Drone  
  19  2:14  Queen  
  21  2:20  Drone x4  
  25  2:23  Spine Crawler  
Show
View Real Time Build Order
Export as new Build Order

Earlyreraise Protoss - Winner!

Build Orders: Cannon Rush 

Get SALT Encoding   

  12  0:01  Probe  
  13  0:13  Pylon  
  13  0:14  Probe  
  14  0:22  Probe  
  15  0:32  Probe  
  16  0:39  Forge  
  16  0:44  Probe  
  17  0:51  Pylon  
  17  0:56  Probe  
  18  1:16  Pylon  
  18  1:17  Probe  
  19  1:21  Photon Cannon  
  19  1:26  Gateway  
  19  1:32  Pylon  
  19  1:43  Photon Cannon  
  19  1:56  Photon Cannon  
  19  2:03  Photon Cannon  
  19  2:12  Photon Cannon  
  19  2:17  Zealot  
  21  2:26  Gateway  
  21  2:35  Gateway, Zealot  
  23  3:02  Zealot  
  25  3:23  Zealot  
  25  3:24  Zealot  
  29  3:34  Nexus  
  29  3:37  Probe  
  29  3:38  Cybernetics Core  
  30  3:45  Probe  
  30  3:47  Assimilator  
  31  4:05  Zealot x2  
  35  4:14  Probe  
  35  4:20  Assimilator  
  36  4:22  Probe  
Tags
 
Add a new tag
Caveats
  • Supply blocks, unpowered buildings, or Contaminate may cause inaccurate times.
  • Supply counts are checked every 10 seconds.